 Dungeon Crawl Stone Soup version 0.20.1-1-g8b1a95d (webtiles) character file.

190 Irenicus the Insei (level 5, -4/36 HPs)
             Began as an Octopode Chaos Knight on Oct 31, 2017.
             Slain by an orc warrior
             ... wielding a +0 glaive
              (23 damage)
             ... on level 3 of the Dungeon.
             The game lasted 00:05:07 (1504 turns).

Irenicus the Insei (Octopode Chaos Knight)          Turns: 1504, Time: 00:05:09

Health: -4/36      AC:  1    Str: 12    XL:     5   Next: 69%
Magic:  5/5        EV: 13    Int: 14    God:    Xom [*.....]
Gold:   118        SH:  0    Dex: 12    Spells: 4/4 levels left

rFire    . . .     SeeInvis .     - Unarmed
rCold    . . .     Gourm    .   (no shield)
rNeg     . . .     Faith    .   (helmet restricted)
rPois    +         Spirit   .   (no amulet)
rElec    .         Reflect  .   c - ring of poison resistance
rCorr    .         Harm     .   (no ring)
MR       .....     Clarity  +   (no ring)
Stlth    ++........             (no ring)
Regen    0.2/turn               (no ring)
MPRegen  0.1/turn               (no ring)
                                (no ring)
                                (no ring)

@: liquefying, slowed movement, very slow
A: almost no armour, stealthy swim, amphibious, 8 rings, constrict 8, camouflage
1, blurry vision 1, clarity, deterioration 1, gelatinous body 1
a: Renounce Religion


You were on level 3 of the Dungeon.
You worshipped Xom.
You were a special plaything of Xom.
You were hungry.

You visited 1 branch of the dungeon, and saw 3 of its levels.

You collected 118 gold pieces.

Inventory:

Missiles
 f - 5 javelins (quivered)
Jewellery
 c - a ring of poison resistance (left tentacle)
 p - an uncursed ring of resist corrosion {unknown}
Scrolls
 b - 3 scrolls of enchant weapon {unknown}
 e - 3 scrolls of blinking {unknown}
 h - 2 scrolls of fog {unknown}
 j - a scroll of recharging {unknown}
 l - 3 scrolls of identify {unknown}
Potions
 d - a potion of might {unknown}
 g - a potion of lignification {unknown}
 i - a potion of resistance {unknown}
 k - a potion of haste {unknown}
 m - a potion of curing {unknown}
 n - a potion of degeneration {unknown}
 o - a potion of heal wounds {unknown}
Comestibles
 a - 2 bread rations


   Skills:
 - Level 3.0 Fighting
 - Level 2.3 Dodging
 + Level 6.2 Unarmed Combat


You had 4 spell levels left.
You didn't know any spells.

Dungeon Overview and Level Annotations

Branches:
Dungeon (3/15)

Altars:
Elyvilon
Nemelex Xobeh


Innate Abilities, Weirdness & Mutations

You cannot wear most types of armour.
You are very stealthy in the water. (Stealth+)
You are amphibious.
You can wear up to eight rings at the same time.
You can use your tentacles to constrict eight enemies at once.
Your skin changes colour to match your surroundings (Stealth+).
Your rubbery body absorbs attacks. (AC +1, EV +1)
Scrolls take you a little longer to read.
You possess an exceptional clarity of mind.
Your body sometimes deteriorates upon taking damage.


Message History

Your quasit barely misses the orc warrior.
The orc warrior becomes momentarily stuck in the liquid earth.
Your quasit becomes momentarily stuck in the liquid earth.
Your quasit claws the orc warrior but does no damage.
Your quasit barely misses the orc warrior.
You swap places.
Your quasit misses the orc warrior.
Your quasit closely misses the orc warrior.
Your quasit claws the orc warrior but does no damage.
The orc warrior barely misses your quasit.
Your quasit becomes momentarily stuck in the liquid earth.
Your quasit completely misses the orc warrior.
Your quasit closely misses the orc warrior.
You swap places.
The orc warrior hits you with a glaive!
You tentacle-slap the orc warrior but do no damage.
Your grab misses the orc warrior.
The orc warrior is lightly wounded.
The orc warrior hits you with a glaive!!
Ouch! That really hurt!
You die...
Xom chortles!

.<....... ##.# #.. ......... ###
#(.....##. .......##. ####...##.
# #...... # ## #..###. #####
.###..###.################.##....
...............o@555.......##.###
.###..####.##################.# #
## #..# #.# #.# ###..# #o# #.#
##....# #.# #.# #.###.####.# #.#
#.# #..o...# #.# #.###.######
#.### ##....# #....


You could see an orc warrior, a friendly quasit, a friendly white imp and a
friendly ufetubus.

Vanquished Creatures
  The ghost of Jazqa the Sneak, an amateur SpEn (D:3)
  An orc priest (D:3)
  4 adders
  A river rat (D:3)
  2 dart slugs (D:1)
  2 worms (D:2)
  7 orcs (D:3)
  A bat (D:2)
  A giant cockroach (D:1)
  7 goblins
  2 hobgoblins
  2 jackals (D:1)
  3 quokkas
  3 frilled lizards
  4 kobolds
  4 rats
45 creatures vanquished.

Notes
Turn   | Place    | Note
-------+----------+-------------------------------------------
     0 | D:1      | Irenicus the Octopode Chaos Knight began the quest for the Orb.
     0 | D:1      | Reached XP level 1. HP: 16/16 MP: 1/1
    58 | D:1      | XOM: silly message
   163 | D:1      | Reached XP level 2. HP: 21/21 MP: 2/2
   239 | D:1      | Found a sparkling altar of Nemelex Xobeh.
   405 | D:1      | XOM: noise
   524 | D:2      | Reached skill level 4 in Unarmed Combat
   654 | D:2      | Reached XP level 3. HP: 23/26 MP: 3/3
   666 | D:2      | XOM is BORED!
   697 | D:2      | XOM: mild Pois miscast
   712 | D:2      | XOM: cloud trail
   908 | D:2      | Reached XP level 4. HP: 27/31 MP: 4/4
   973 | D:2      | Found a white marble altar of Elyvilon.
  1181 | D:3      | XOM: polymorph orc -> goblin
  1187 | D:3      | Noticed Jazqa's ghost (amateur SpEn)
  1197 | D:3      | XOM: noise
  1199 | D:3      | XOM: polymorph orc -> river rat
  1218 | D:3      | Killed Jazqa's ghost
  1218 | D:3      | Reached skill level 5 in Unarmed Combat
  1218 | D:3      | Reached XP level 5. HP: 20/36 MP: 5/5
  1233 | D:3      | XOM: give mutations
  1233 | D:3      | Gained mutation: You possess an exceptional clarity of mind. [Xom's mischief]
  1233 | D:3      | Gained mutation: Your body sometimes deteriorates upon taking damage. [Xom's mischief]
  1233 | D:3      | Gained mutation: Scrolls take you a little longer to read. [Xom's mischief]
  1440 | D:3      | Reached skill level 6 in Unarmed Combat
  1447 | D:3      | Noticed an orc warrior
  1489 | D:3      | XOM: summons 4 friendly demons
  1498 | D:3      | XOM: cast spell 'Leda's Liquefaction'
  1504 | D:3      | Slain by an orc warrior

Skill      XL: |  1  2  3  4  5 |
---------------+----------------+-----
Unarmed Combat | 4 5 6 |  6.2
Fighting       | |  3.0
Dodging        | |  2.3

Action                   |  1- 3 |  4- 6 || total
-------------------------+-------+-------++-------
Melee: Unarmed           |    53 |    68 ||   121
       Constrict         |    14 |    11 ||    25
       Tentacles         |     8 |     8 ||    16
       Punch             |       |     1 ||     1
Throw: Javelin           |     4 |       ||     4
 Stab: Sleeping          |     4 |     3 ||     7
       Paralysed         |     2 |       ||     2
       Invisible         |     1 |       ||     1
  Eat: Chunk             |       |     1 ||     1
Armor: Skin              |     3 |     1 ||     4
Dodge: Dodged            |    29 |    29 ||    58
